 Dungeon Crawl Stone Soup version 0.30.1-11-g7821555f0a (webtiles) character file.

Game seed: 13068925735514502911

148295 Ijustatesigmund the Destroyer (level 17, 0/102 HPs)
             Began as a Gargoyle Earth Elementalist on Nov 15, 2023.
             Was a High Priest of Vehumet.
             Slain by a naga warrior
             ... wielding a +0 halberd
              (26 damage)
             ... on level 4 of the Snake Pit on Nov 16, 2023.
             The game lasted 02:20:01 (46090 turns).

Ijustatesigmund the Destroyer (GrEE)               Turns: 46090, Time: 02:20:01

Health: 0/102      AC: 45    Str: 15    XL:     17   Next: 48%
Magic:  26/34      EV: 13    Int: 23    God:    Vehumet [*****.]
Gold:   1065       SH: 17    Dex: 10    Spells: 9/42 levels left

rFire   . . .        e - +3 eveningstar (protect)
rCold   + + +        O - +2 kite shield {AC+3}
rNeg    + . .        E - +2 troll leather armour {Snorg}
rPois   ∞            S - +5 helmet "Rihy" {rC++ Will- Int+2}
rElec   +            j - +2 cloak {Will+}
rCorr   .            P - +1 pair of gloves
SInv    .            G - +2 pair of boots
Will    +....        s - amulet of reflection
Stlth   ++           g - ring of protection from cold
HPRegen 1.17/turn    i - +5 ring of evasion
MPRegen 0.24/turn

%: reflection
@: under a protective aura, flying, constricted
A: sickness immunity, AC +12, big wings, negative energy resistance 1,
electricity resistance, torment resistance 1, petrification resistance
a: Renounce Religion


You were on level 4 of the Snake Pit.
You worshipped Vehumet.
Vehumet was extremely pleased with you.
You visited 6 branches of the dungeon, and saw 27 of its levels.
You also visited: Ossuary and Ice Cave.

You collected 2905 gold pieces.
You spent 1840 gold pieces at shops.

Inventory:

Hand Weapons
 e - a +3 eveningstar of protection (weapon)
 R - a +4 flail
Missiles
 F - a throwing net
Armour
 a - +0 acid dragon scales
 f - a +2 helmet of intelligence
 j - a +2 cloak of willpower (worn)
 C - a scarf of resistance
 D - a +2 kite shield of reflection
 E - a +2 troll leather armour (worn) {Snorg}
 G - a +2 pair of boots (worn)
 K - a +0 robe of the Archmagi
 O - a +2 kite shield of protection (worn)
 P - a +1 pair of gloves (worn)
 S - the +5 helmet "Rihy" (worn) {rC++ Will- Int+2}
   (You bought it in a shop on level 2 of the Orcish Mines)

   Int:       It affects your intelligence (+2).
   rC:        It greatly protects you from cold.
   Will:      It decreases your willpower.
Magical Staves
 x - a staff of conjuration
 X - the staff of cold "Ikhes" {rF+ rC+ rN+++ Str-2 Int+3}
   (You found it on level 4 of the Lair of Beasts)

   [staff of cold]

   Base accuracy: +5 Base damage: 5 Base attack delay: 1.2 This weapon's minimum
   attack delay (0.6) is reached at skill level 12.
   Str:       It affects your strength (-2).
   Int:       It affects your intelligence (+3).
   rF:        It protects you from fire.
   rC:        It protects you from cold.
   rN:        It renders you almost immune to negative energy.
   It falls into the 'Staves' category.
   It is a one-handed weapon.
Jewellery
 g - a ring of protection from cold (left hand)
 i - a +5 ring of evasion (right hand)
 s - an amulet of reflection (around neck)
 t - a ring of resist corrosion
 J - a ring of ice
 T - a ring of fire
 Z - the ring of Understanding {rF+ Str-5 Int+4}
   (You found it on level 4 of the Snake Pit)

   [ring of protection from fire]

   Str:       It affects your strength (-5).
   Int:       It affects your intelligence (+4).
   rF:        It protects you from fire.
Wands
 r - a wand of polymorph (8)
 H - a wand of flame (51)
 N - a wand of iceblast (1)
 V - a wand of charming (2)
Scrolls
 l - a scroll of magic mapping
 n - 9 scrolls of amnesia
 p - 3 scrolls of vulnerability
 u - 4 scrolls of fog
 w - a scroll of blinking
 y - a scroll of summoning
 L - 2 scrolls of silence
 M - 11 scrolls of identify
 U - a scroll of poison
 W - 4 scrolls of teleportation
Potions
 b - 6 potions of brilliance
 c - 5 potions of heal wounds
 d - 2 potions of ambrosia
 h - 5 potions of attraction
 k - 5 potions of mutation
 m - 5 potions of lignification
 q - 10 potions of curing
 v - 5 potions of haste
 z - 3 potions of flight
 A - 4 potions of cancellation
 B - a potion of magic
 I - a potion of berserk rage
 Q - 2 potions of might
Miscellaneous
 o - a box of beasts


   Skills:
 - Level 10.3 Fighting
 - Level 9.2 Maces & Flails
 - Level 6.8 Armour
 - Level 4.3 Dodging
 - Level 2.1 Stealth
 - Level 9.1 Shields
 - Level 13.3 Spellcasting
 - Level 14.8 Conjurations
 - Level 7.0 Necromancy
 - Level 1.9 Translocations
 + Level 4.1 Transmutations
 - Level 6.7 Fire Magic
 - Level 2.7 Air Magic
 - Level 14.3 Earth Magic
 - Level 4.1 Evocations


You had 9 spell levels left.
You knew the following spells:

 Your Spells              Type           Power      Damage    Failure   Level
a - Sandblast             Erth           100%       2d20      1%          1
b - Stone Arrow           Conj/Erth      100%       3d13      1%          3
c - Borgnjor's Vile Clut  Necr/Erth      29%        N/A       3%          5
d - Fireball              Conj/Fire      30%        3d13      1%          5
e - Orb of Destruction    Conj           35%        9d10      6%          7
f - Passwall              Tmut/Erth      45%        N/A       1%          2
g - Swiftness             Air            27%        N/A       11%         3
h - Blink                 Tloc           48%        N/A       8%          2
i - Irradiate             Conj/Tmut      28%        3d21      1%          5

Your spell library contained the following spells:

 Spells                   Type           Power      Damage    Failure   Level
 Magic Dart               Conj           100%       1d8       1%          1
 Necrotise                Necr           100%       1d9       1%          1
 Mephitic Cloud           Conj/Pois/Air  42%        N/A       1%          3
 Vampiric Draining        Necr           47%        2d9       1%          3
 Flame Wave               Conj/Fire      60%        2d14      1%          4
 Iskenderun's Battlesphe  Conj           70%        2d12      1%          5
 Lee's Rapid Deconstruct  Erth           34%        3d17*     1%          5
 Petrify                  Tmut/Erth      55%        N/A       2%          4
 Leda's Liquefaction      Hex/Erth       24%        N/A       6%          4
 Conjure Ball Lightning   Conj/Air       27%        3x3d8     13%         6
 Gell's Gravitas          Tloc           24%        N/A       16%         3
 Teleport Other           Tloc           24%        N/A       16%         3
 Call Imp                 Summ           30%        N/A       17%         2
 Ensorcelled Hibernation  Hex/Ice        30%        N/A       17%         2
 Agony                    Necr           47%        N/A       17%         5
 Manifold Assault         Tloc           24%        N/A       45%         4
 Alistair's Intoxication  Tmut/Pois      16%        N/A       78%         5
 Eringya's Noxious Bog    Tmut/Pois      12%        N/A       83%         6
 Dispersal                Tloc           12%        N/A       100%        6
 Storm Form               Tmut/Air       15%        N/A       100%        7
 Borgnjor's Revivificati  Necr           23%        N/A       100%        8
 Discord                  Hex            7%         N/A       100%        8
 Disjunction              Tloc           12%        N/A       100%        8
 Necromutation            Tmut/Necr      20%        N/A       100%        8
 Death's Door             Necr           23%        N/A       100%        9
 Statue Form              Tmut/Erth      Unusable   N/A       N/A         6

Dungeon Overview and Level Annotations

Branches:
Dungeon (14/15)            Temple (1/1) D:4            Lair (5/5) D:9
 Shoals (0/4) Lair:3        Snake (4/4) Lair:3        Slime (0/5) Lair:5
    Orc (2/2) D:9             Elf (1/3) Orc:2        Vaults (0/5) D:13
Ossuary (visited)           IceCv (visited)

Altars:
Cheibriados
Dithmenos
Elyvilon
Fedhas
Gozag
Hepliaklqana
Kikubaaqudgha
Makhleb
Nemelex Xobeh
Okawaru
Qazlal
Ru
Sif Muna
Uskayaw
Vehumet
Wu Jian
Xom
Yredelemnul
Zin
The Shining One

Shops:
D:1 ?   D:8 (   D:9 (([!   D:11 (   D:13 *   Orc:2 ([![   Snake:1 [!*=*(
Snake:3 [*(

Portals:
Trove: D:13 (give +4 demon whip)

Annotations:
D:4 Edmund
D:9 2 runed translucent doors
D:13 exclusion: obsidian statue


Innate Abilities, Weirdness & Mutations

You are immune to sickness and miasma.
Your stone body is resilient. (AC +12)
You are immune to poison.
Your large and strong wings let you fly.
You resist negative energy. (rN+)
You are resistant to electric shocks. (rElec)
You are resistant to unholy torment.
You are immune to petrification.


Message History

You resist. The naga warrior constricts you.
You hit the naga warrior but do no damage.
The naga warrior is severely wounded.
The naga sharpshooter gestures wildly while chanting.
The naga warrior roars a battlecry!
The nagas go into a battle-frenzy!
Your naga warrior barely misses the naga mage.
The naga warrior hits you but does no damage.
The naga warrior constricts you.
You bludgeon the naga warrior!!
The naga warrior is almost dead.
The naga sharpshooter unwields a +0 arbalest.
The naga sharpshooter wields a +0 short sword.
The naga sharpshooter hits your naga warrior with a +0 short sword!!
The naga sharpshooter barely misses your naga warrior.
You block the naga's attack. You block the naga warrior's attack.
The naga mage gestures at the naga warrior while chanting.
The naga warrior seems to grow toxic.
Your naga warrior hits the naga mage from afar with a +2 vampiric glaive!!
Your naga warrior is healed.
The naga mage dies!
Vehumet accepts your kill.
The naga warrior hits you from afar with a +0 halberd!!!
* * * LOW HITPOINT WARNING * * *
You block the naga warrior's attack. The naga warrior constricts you.
The naga spits poison at you. The splash of poison misses you.
The splash of poison hits the naga warrior but does no damage.
The naga warrior hits you with a +0 long sword!
* * * LOW HITPOINT WARNING * * *
The naga sharpshooter spits poison at you.
The splash of poison hits your naga warrior but does no damage.
Your naga warrior is poisoned.
You feel your intelligence returning.
You feel much better.
The naga warrior looks more healthy.
Your naga warrior hits the naga sharpshooter with a +2 vampiric glaive!!!
The naga sharpshooter dies!
Vehumet accepts your kill.
The naga warrior hits you from afar with a +0 halberd!!
You die...

*,,,......N.........* *,*,,~~
*,,,.....(.N.##...#.# *,*,,~~
*,,,.........##...#.##*** *,*,,~~
*,,,.........##...#...,,*###,,,~~
*,,,......N...........,,,..#**,,,
*,,,......NN.#.##..#######.# ##++
*,,,...N...S§#.#N........#.# #...
*,,,.......N§#.#N#N#.......####)#
*,,,.........#.#@N.....#.#...))..
****########.#.#NN)....#.#.######
#.#.###N#########
**#######.#....)..# ######
*,........####....###....#####
*,......NNN..'....##......#...
*,......N#####?...##......'...
*,.......* #....##......#...
*,.......* #....###....##...


You could see 3 naga warriors, 3 nagas and a friendly naga warrior (charmed,
unaware, poisoned).

Vanquished Creatures
  Saint Roka (Orc:2)
  Vashnia (Snake:2)
  Nikola (Snake:4)
  Rupert (D:13)
  Frances (D:13)
  Agnes (D:14)
  Donald (Orc:2)
  Kirke (D:13)
  A nagaraja (Snake:4)
  An orc warlord (Orc:1)
  2 very ugly things (IceCv)
  The ghost of kalagan the Eclecticist, a journeyman DECj of Sif Muna (Orc:2)
  Snorg (D:10)
  Fannar (D:10)
  3 vault guards (D:13)
  2 hydras
  3 caustic shrike simulacra (IceCv)
  A merfolk avatar (Lair:5)
  10 anacondas
  3 two-headed ogres
  4 centaur warriors
  2 boulder beetles (D:12)
  A two-headed ogre (shapeshifter) (D:13)
  10 naga warriors
  2 tengu warriors
  A dancing weapon (Elf:1)
  8 death yaks
  Urug (Lair:4)
  9 naga sharpshooters
  5 shock serpents
  3 deep elf knights (Elf:1)
  An orc high priest (Orc:2)
  Sonja (D:13)
  Nergalle (Lair:2)
  6 skysharks
  2 salamander mystics (Snake:3)
  Lodul (D:11)
  2 wizards (D:13)
  2 orange crystal statues (IceCv)
  6 naga ritualists
  Pikel (D:6)
  4 deep elf zephyrmancers (Elf:1)
  A necromancer (D:13)
  A deep elf pyromancer (Elf:1)
  2 harpies (Lair:5)
  9 mana vipers
  7 orc sorcerers
  11 ugly things
  7 elephants
  2 manticores (D:11)
  4 cyclopes
  10 salamanders
  2 merfolk sirens (Lair:3)
  32 black mambas
  2 guardian serpents
  Maurice (D:9)
  An ice statue (Snake:4)
  A gargoyle (D:13)
  7 cane toads
  5 naga magi
  Maggie (D:7)
  12 komodo dragons
  7 rime drakes
  Psyche (D:12)
  An anaconda simulacrum (IceCv)
  An efreet (D:14)
  4 freezing wraiths (IceCv)
  A yaktaur (D:13)
  2 golden dragon simulacra (IceCv)
  6 trolls
  2 merfolk (Lair:3)
  A wind drake (Lair:5)
  2 polar bears (Lair:4)
  A hornet (Lair:5)
  5 blink frogs
  Prince Ribbit (D:8)
  Grinder (D:4)
  5 dream sheep (Lair:5)
  10 slime creatures
  16 humans (D:13)
  8 wyverns
  26 yaks
  A vampire (D:12)
  7 wraiths
  5 hogs (D:13)
  A steam dragon (Lair:5)
  4 basilisks
  5 vampire mosquitoes
  Menkaure (D:7)
  2 wargs
  30 nagas
  3 hydra simulacra (IceCv)
  7 water moccasins
  45 orc warriors
  Duvessa (D:5)
  A black bear (Lair:1)
  14 ogres
  3 ettin simulacra (IceCv)
  2 alligator simulacra (IceCv)
  10 wolves
  16 centaurs
  2 lemures (D:7)
  A phantom (D:7)
  2 kobold brigands (D:6)
  9 bullfrogs
  2 scorpions (D:5)
  Dowan (D:5)
  2 lindwurm simulacra (IceCv)
  9 killer bees (D:10)
  3 howler monkeys
  14 jellies
  8 hounds
  30 orc priests
  A gnoll bouda (D:7)
  2 iguanas
  A sleepcap (D:6)
  Ijyb (D:4)
  31 orc wizards
  13 mummies (Ossuary)
  11 adders
  A shadow imp (D:6)
  2 white imps
  An ufetubus (D:4)
  3 worms
  2 dart slugs (D:1)
  125 orcs
  6 bats
  7 endoplasms
  2 giant cockroaches
  8 goblins
  9 hobgoblins
  4 jackals
  19 kobolds
  A quokka (D:4)
  7 ball pythons
  6 frilled lizards
  3 gnoll skeletons (Ossuary)
  A goblin skeleton (Ossuary)
  A kobold skeleton (Ossuary)
  3 orc skeletons (Ossuary)
  2 rats
  11 rat skeletons (Ossuary)
854 creatures vanquished.

Vanquished Creatures (collateral kills)
  A naga sharpshooter (Snake:4)
  A naga mage (Snake:4)
  A guardian serpent (Snake:4)
  A black mamba (Snake:2)
  A shadow (D:12)
  A centaur (D:7)
  A hound (D:7)
  3 gnolls (D:7)
10 creatures vanquished.

Vanquished Creatures (others)
  2 deep elf knights (Elf:1)
  A troll (D:12)
  3 humans
  An ogre (Orc:2)
  A gnoll (D:7)
  2 orcs (D:14)
10 creatures vanquished.

Grand Total: 874 creatures vanquished

Notes
Turn   | Place    | Note
-------+----------+-------------------------------------------
     0 | D:1      | Ijustatesigmund the Gargoyle Earth Elementalist began the
                  | quest for the Orb.
     0 | D:1      | Reached XP level 1. HP: 10/10 MP: 3/3
   132 | D:1      | Reached XP level 2. HP: 16/16 MP: 0/5
   372 | D:1      | Reached skill level 1 in Fighting
   406 | D:1      | Found Ytucvak's Magic Scroll Shoppe.
   414 | D:1      | Bought a scroll of identify for 22 gold pieces
   875 | D:2      | Reached XP level 3. HP: 20/20 MP: 2/6
   879 | D:2      | Learned a level 3 spell: Stone Arrow
  1207 | D:1      | Bought a scroll of magic mapping for 82 gold pieces
  1232 | D:2      | Reached skill level 1 in Conjurations
  1251 | D:2      | Found a faded altar of an unknown god.
  1622 | D:2      | Reached XP level 4. HP: 25/25 MP: 6/8
  1655 | D:2      | Found a glowing silver altar of Zin.
  1945 | D:3      | Found a glowing silver altar of Zin.
  2017 | D:3      | Found a sacrificial altar of Ru.
  2558 | D:4      | Found an ancient bone altar of Kikubaaqudgha.
  2561 | D:4      | Noticed a human
  2562 | D:4      | Killed a human
  2686 | D:4      | Noticed Ijyb
  2689 | D:4      | Noticed Edmund
  2694 | D:4      | Noticed an ogre
  2701 | D:4      | Killed Ijyb
  2701 | D:4      | Noticed Grinder
  2702 | D:4      | Reached XP level 5. HP: 13/29 MP: 2/9
  2914 | D:4      | Killed Grinder
  2915 | D:4      | Reached skill level 1 in Maces & Flails
  2915 | D:4      | Reached skill level 5 in Earth Magic
  2915 | D:4      | Reached XP level 6. HP: 28/34 MP: 3/11
  3304 | D:4      | Reached XP level 7. HP: 38/38 MP: 1/12
  3613 | D:5      | Entered Level 5 of the Dungeon
  3661 | D:5      | Noticed Duvessa
  3927 | D:4      | Found a staircase to the Ecumenical Temple.
  3927 | D:4      | You fall into a shaft and drop 3 floors!
  3976 | D:7      | Reached skill level 5 in Conjurations
  3978 | D:7      | Found a sand-covered staircase.
  3996 | Ossuary  | Entered an ossuary
  6378 | D:6      | Reached XP level 8. HP: 40/46 MP: 1/14
  6932 | D:6      | Found Kout's Magic Scroll Emporium.
  7407 | Temple   | Entered the Ecumenical Temple
  7436 | Temple   | Became a worshipper of Vehumet
  7894 | D:5      | Noticed Dowan
  7904 | D:5      | Killed Dowan
  7904 | D:5      | Killed Duvessa
  8278 | D:5      | Reached skill level 5 in Spellcasting
  8291 | D:5      | Reached XP level 9. HP: 50/52 MP: 16/16
  8316 | D:5      | Found a glowing golden altar of the Shining One.
  9456 | D:7      | Noticed Menkaure
  9457 | D:7      | Killed Menkaure
  9531 | D:7      | Found a blossoming altar of Fedhas.
  9745 | D:7      | Reached * piety under Vehumet
  9745 | D:7      | Offered knowledge of Kiss of Death by Vehumet.
  9746 | D:7      | Reached skill level 5 in Fighting
  9890 | D:7      | Noticed Pikel
  9901 | D:7      | Noticed Maggie
  9908 | D:6      | Killed Pikel
 10212 | D:7      | Killed Maggie
 10529 | D:7      | Found a hazy altar of Hepliaklqana.
 10561 | D:7      | Reached XP level 10. HP: 60/60 MP: 13/19
 10739 | D:8      | Found Nyriluom's Weapon Boutique.
 10783 | D:8      | Noticed Prince Ribbit
 10787 | D:8      | Killed Prince Ribbit
 10788 | D:8      | Reached skill level 1 in Armour
 12091 | D:9      | Found Cerchul's Weapon Boutique.
 12121 | D:9      | Reached skill level 10 in Conjurations
 12373 | D:9      | Noticed Maurice
 12434 | D:9      | Killed Maurice
 12636 | D:9      | Noticed a death yak
 12655 | D:9      | Killed a death yak
 12985 | D:9      | Noticed a death yak
 12986 | D:9      | Noticed a death yak
 12996 | D:9      | Noticed a death yak
 13009 | D:10     | Entered Level 10 of the Dungeon
 13308 | D:9      | Found Birphalla's Antique Armour Shoppe.
 13315 | D:9      | Found Jomali's Distillery.
 14132 | D:9      | Reached XP level 11. HP: 64/64 MP: 6/21
 14229 | D:9      | Bought a potion of heal wounds for 60 gold pieces
 14229 | D:9      | Bought a potion of lignification for 36 gold pieces
 14229 | D:9      | Bought a potion of heal wounds for 60 gold pieces
 14336 | D:9      | Found a shadowy altar of Dithmenos.
 14360 | D:9      | Found a staircase to the Lair.
 14365 | D:9      | Noticed a death yak
 14395 | D:9      | Killed a death yak
 14617 | D:9      | Found a shimmering blue altar of Sif Muna.
 14698 | D:9      | Found a staircase to the Orcish Mines.
 14753 | D:9      | Noticed a death yak
 14764 | D:9      | Noticed a death yak
 14767 | D:9      | Killed a death yak
 14768 | D:9      | Reached skill level 10 in Earth Magic
 14768 | D:9      | Noticed a death yak
 15016 | D:9      | Found a large runed translucent door.
 15017 | D:9      | Found a large runed translucent door.
 15138 | D:9      | Found Balups's Antique Weapon Emporium.
 15217 | D:10     | Killed a death yak
 15218 | D:10     | Reached skill level 5 in Armour
 15421 | D:10     | Killed a death yak
 15959 | D:10     | Offered knowledge of Momentum Strike by Vehumet.
 16042 | D:10     | Reached ** piety under Vehumet
 16272 | D:10     | Noticed Fannar
 16279 | D:10     | Killed Fannar
 16280 | D:10     | Reached skill level 1 in Evocations
 16435 | D:10     | Noticed Snorg
 16448 | D:10     | Killed Snorg
 16947 | D:11     | Noticed a cyclops
 17097 | D:11     | Noticed a red ugly thing
 17105 | D:11     | Killed a red ugly thing
 17281 | D:11     | Killed a cyclops
 17380 | D:11     | Noticed a cyclops
 17386 | D:11     | Killed a cyclops
 17567 | D:11     | Noticed a two-headed ogre
 17574 | D:11     | Killed a two-headed ogre
 17575 | D:11     | Reached XP level 12. HP: 69/69 MP: 7/24
 18040 | D:11     | Found Warchar's Antique Weapon Boutique.
 18220 | D:11     | Noticed Lodul
 19441 | D:12     | Noticed a centaur warrior
 19446 | D:12     | Killed a centaur warrior
 19447 | D:12     | Reached skill level 5 in Maces & Flails
 19648 | D:12     | Noticed a two-headed ogre
 19655 | D:12     | Killed a two-headed ogre
 19915 | D:12     | Noticed a boulder beetle
 19954 | D:12     | Killed a boulder beetle
 20208 | D:12     | Noticed Psyche
 20257 | D:12     | Killed Psyche
 20328 | D:12     | Noticed a boulder beetle
 20345 | D:12     | Killed a boulder beetle
 20578 | D:12     | Learned a level 5 spell: Borgnjor's Vile Clutch
 20711 | D:12     | Reached skill level 1 in Necromancy
 20938 | D:12     | Offered knowledge of Hailstorm by Vehumet.
 21095 | D:13     | Found a portal to a secret trove of treasure.
 21280 | D:13     | Found Loicwyi's Mass Market.
 21281 | D:13     | Noticed a centaur warrior
 21537 | D:13     | Killed a centaur warrior
 21539 | D:13     | Noticed a four-headed hydra
 21986 | D:13     | Killed a four-headed hydra
 21987 | D:13     | Reached XP level 13. HP: 66/74 MP: 8/26
 22097 | D:13     | Reached *** piety under Vehumet
 22273 | D:13     | Noticed Frances
 22285 | D:13     | Noticed Rupert
 22290 | D:13     | Killed Frances
 22291 | D:13     | Reached skill level 10 in Spellcasting
 22477 | D:13     | Killed Rupert
 22755 | D:14     | Noticed Kirke
 23127 | D:13     | Reached skill level 5 in Necromancy
 23632 | D:13     | Found a gate to the Vaults.
 23632 | D:13     | Noticed a vault guard
 23632 | D:13     | Noticed a vault guard
 23632 | D:13     | Noticed a vault guard
 23663 | D:13     | Killed a vault guard
 23672 | D:13     | Killed a vault guard
 23891 | D:13     | Killed a vault guard
 24210 | D:13     | Noticed Sonja
 24212 | D:13     | Killed Sonja
 24301 | D:14     | Noticed Agnes
 24490 | D:13     | Offered knowledge of Fulminant Prism by Vehumet.
 25202 | D:13     | Killed Kirke
 25203 | D:13     | Gained mutation: Your large and strong wings let you fly.
                  | [Gargoyle growth]
 25203 | D:13     | Reached XP level 14. HP: 71/79 MP: 22/29
 25490 | D:14     | Killed Agnes
 25491 | D:14     | Reached skill level 1 in Shields
 25530 | D:14     | Reached **** piety under Vehumet
 26208 | D:14     | Offered knowledge of Fireball by Vehumet.
 26279 | D:14     | Got the Elucidation of Nephomancy and Battling
 26286 | D:14     | Learned a level 5 spell: Fireball
 26506 | D:11     | Killed Lodul
 26616 | Lair:1   | Entered Level 1 of the Lair of Beasts
 26619 | Lair:1   | You are sucked into a shaft and drop 1 floor!
 26666 | Lair:2   | Noticed Nergalle
 26670 | Lair:2   | Killed Nergalle
 26671 | Lair:2   | Reached skill level 1 in Fire Magic
 28764 | Lair:3   | Reached skill level 5 in Shields
 28885 | Lair:3   | Found a staircase to the Shoals.
 29098 | Lair:3   | Found a staircase to the Snake Pit.
 29397 | Lair:4   | Identified the staff of cold "Ikhes" {rF+ rC+ rN+++ Str-2
                  | Int+3}
 29939 | Lair:4   | Noticed Urug
 29943 | Lair:4   | Killed Urug
 29959 | Lair:4   | Reached skill level 5 in Fire Magic
 30494 | Lair:5   | Entered Level 5 of the Lair of Beasts
 31437 | Lair:4   | Reached ***** piety under Vehumet
 32038 | Lair:5   | Reached XP level 15. HP: 84/84 MP: 27/31
 32103 | Lair:5   | Offered knowledge of Orb of Destruction by Vehumet.
 33044 | Lair:5   | Found the +8 trident of the Octopus King {venom, rElec
                  | rPois}
 33549 | Lair:5   | Found a staircase to the Slime Pits.
 34481 | Lair:5   | Learned a level 7 spell: Orb of Destruction
 34614 | Orc:1    | Entered Level 1 of the Orcish Mines
 34968 | Orc:1    | Learned a level 2 spell: Passwall
 35261 | Orc:2    | Entered Level 2 of the Orcish Mines
 35261 | Orc:2    | Noticed an orc warlord
 35265 | Orc:2    | Offered knowledge of Plasma Beam by Vehumet.
 35278 | Orc:1    | Killed an orc warlord
 35740 | Orc:1    | Paralysed by an orc sorcerer for 4 turns
 35926 | Orc:2    | Paralysed by an orc sorcerer for 5 turns
 36089 | Orc:2    | Noticed Donald
 36102 | Orc:2    | HP: 2/79 [Donald/+0 eveningstar (31)]
 36105 | Orc:2    | Killed Donald
 37722 | Orc:2    | Found a runed translucent door.
 37722 | Orc:2    | Noticed kalagan's ghost (journeyman DECj)
 37735 | Orc:2    | Killed kalagan's ghost
 37847 | Orc:2    | Found Goojeul's Armour Emporium.
 37964 | Orc:2    | Found Kaoptel's Distillery.
 37969 | Orc:2    | Bought a potion of might for 60 gold pieces
 37969 | Orc:2    | Bought a potion of heal wounds for 75 gold pieces
 37969 | Orc:2    | Bought a potion of heal wounds for 75 gold pieces
 38004 | Orc:2    | Found a staircase to the Elven Halls.
 38163 | Orc:2    | Noticed Saint Roka
 38191 | Elf:1    | Entered Level 1 of the Elven Halls
 38596 | Orc:2    | Offered knowledge of Yara's Violent Unravelling by Vehumet.
 38736 | Orc:2    | Killed Saint Roka
 39012 | Orc:2    | Found Saribliph's Antique Weapon Shop.
 39038 | Orc:2    | Found Zalo's Antique Armour Boutique.
 39108 | Orc:2    | Reached XP level 16. HP: 90/94 MP: 32/32
 39216 | Orc:2    | Bought a +1 kite shield of reflection for 189 gold pieces
 39216 | Orc:2    | Bought the +5 helmet "Rihy" {rC++ Will- Int+2} for 756 gold
                  | pieces
 39279 | Orc:2    | Bought a glowing cloak for 225 gold pieces
 39467 | Snake:1  | Entered Level 1 of the Snake Pit
 39705 | Snake:1  | Found Optuxt's Antique Armour Boutique.
 40399 | Snake:1  | Learned a level 3 spell: Swiftness
 40486 | Snake:1  | Found Bauleosh's Neck Hole.
 40671 | Snake:1  | Found Diepre's Jewellery Boutique.
 40729 | Snake:1  | Reached skill level 1 in Air Magic
 41016 | Snake:1  | Found Usiecuva's Distillery.
 41024 | Snake:1  | Bought a potion of berserk rage for 80 gold pieces
 41281 | Snake:1  | Found Mubieru's Weapon Shoppe.
 41283 | Snake:1  | Found Xeforina's General Store.
 41296 | Snake:1  | Bought a scroll of enchant weapon for 120 gold pieces
 41795 | Snake:2  | Noticed Vashnia
 41806 | Snake:2  | Offered knowledge of Freezing Cloud by Vehumet.
 41876 | Snake:2  | Learned a level 2 spell: Blink
 42136 | Snake:2  | Killed Vashnia
 42137 | Snake:2  | Reached skill level 1 in Translocations
 43541 | Snake:3  | Found Dirobbes's Armour Shop.
 44068 | Snake:3  | Found Poeteyd's Weapon Shop.
 44201 | Snake:3  | Reached XP level 17. HP: 84/101 MP: 31/34
 44582 | Snake:3  | Found Vefuh's General Store.
 44702 | Snake:4  | Entered Level 4 of the Snake Pit
 44722 | Snake:4  | Reached skill level 10 in Fighting
 44756 | Snake:4  | Identified the ring of Understanding {rF+ Str-5 Int+4}
 44764 | Snake:4  | Found a frozen archway.
 44801 | IceCv    | Entered an ice cave
 44805 | IceCv    | Offered knowledge of Irradiate by Vehumet.
 44966 | IceCv    | Identified the +2 quarterstaff "Epomon" {venom, SInv}
 45686 | IceCv    | Identified the +4 mace "Qosun" {freeze, Stlth+}
 45690 | IceCv    | Identified the +5 hand axe of Wu Jian {freeze, rN+}
 45701 | IceCv    | Learned a level 5 spell: Irradiate
 45823 | Snake:4  | Reached skill level 1 in Transmutations
 45990 | Snake:4  | Noticed Nikola
 46000 | Snake:4  | Killed Nikola
 46090 | Snake:4  | Slain by a naga warrior

Illustrated notes

Levels and vault maps discovered:
D:1:      lightli_arrival_lavapool, layout_basic, serial_shops, shop,
          grunt_decor_clamped, item_on_display_a
D:2:      layout_basic, dreamdust_ecumenical_altar_angels_and_demons,
          basic_altar, minmay_misc_feat_columns, feat_on_display
D:3:      layout_loops_ring, nicolae_ru_path_of_blood,
          mainiacjoe_overflow_alcove_2
D:4:      layout_basic, tgw_kikubaaqudgha, minmay_temple_entry_waves, uniq_ijyb,
          uniq_grinder, uniq_edmund
D:5:      layout_rooms, lemuel_round_altar, uniq_duvessa
D:6:      layout_rooms, serial_shops, nicolae_shop_tiny_waterfront,
          palyth_stone_intersect
D:7:      layout_loops_cross, nzn_hepliaklqana_mist_gate, lemuel_doored_altar,
          enter_ossuary_1, uniq_pikel, uniq_maggie, uniq_menkaure
D:8:      layout_basic, serial_shops, shop, uniq_prince_ribbit1
D:9:      layout_irregular_city, old_standard_altar, kennysheep_orc_sif_temple,
          jmf_multi_god_temple2, dpeg_lair_monsters, hiddenorc1_lemuel,
          serial_shops, nicolae_lakefront_shop, nicolae_shop_window_shopping,
          nicolae_shop_waterfront, shop_statue, uniq_maurice
D:10:     layout_irregular_city, uniq_snorg, uniq_fannar
D:11:     layout_big_octagon, serial_shops, shop,
          hangedman_abyss_or_decor_stabs, uniq_lodul
D:12:     layout_cave_pods, serial_bayou_pond_d, kennysheep_generic_room_8,
          uniq_psyche
D:13:     layout_rooms, grunt_vaults_entry_tiered,
          nicolae_trove_entry_crossroad, minmay_shop_mass, minmay_more_statues,
          uniq_rupert, uniq_sonja, uniq_frances
D:14:     layout_gridville, special_room [special_room_orc], dk_noncrumbling_4,
          kennysheep_generic_room_16, uniq_kirke, uniq_agnes
Temple:   hellmonk_temple_two_chambers
Lair:1:   layout_roguey, dreamdust_deal_with_the_devil,
          chequers_serial_rivers_large_a
Lair:2:   layout_regular_city, serial_bayou_pond_e, uniq_nergalle
Lair:3:   layout_chaotic_city, elwin_shoals_entry_stream,
          nicolae_snake_entry_squirm
Lair:4:   layout_long_grid, uniq_urug
Lair:5:   gammafunk_lair_ancient_temple, layout_gridlike,
          minmay_slime_entry_jelly_boxes
Snake:1:  layout_honeycomb, serial_shops, shop_fountains,
          nicolae_shop_window_shopping, nicolae_shop_gaudy_bauble, shop,
          nicolae_take_the_stairs, grunt_ministairs_2,
          nicolae_shop_sticking_my_neck_out
Snake:2:  layout_basic, grunt_megastairs_1, uniq_vashnia
Snake:3:  layout_cave_town, serial_shops, nicolae_lakefront_shop,
          nicolae_shop_rolling_square, nicolae_shop_bloodbath_and_beyond
Snake:4:  grunt_snake_rune_pools, layout_basic,
          portal_ice_cave_entry_ice_statue_one, uniq_nikola
Orc:1:    layout_caves
Orc:2:    grunt_orc_community_town_hall, layout_diamond_mine,
          grunt_orc_community_big_house_2, grunt_orc_community_big_house_1,
          grunt_orc_community_house_1, grunt_orc_community_house_3,
          grunt_orc_community_house_1, grunt_orc_community_house_3,
          grunt_orc_community_house_3, grunt_orc_community_house_3,
          gammafunk_ghost_grave, uniq_donald
Elf:1:    eino_elf_arrival_shootout, layout_onion_city, serial_shops, shop,
          shop, orc_legates

Skill      XL: |  1  2  3  4  5  6  7  8  9 10 11 12 13 14 15 16 17 |
---------------+----------------------------------------------------+-----
Fighting       | 1 3 4 5 6 8 9 10 | 10.3
Earth Magic    | 4 5 6 7 8 9 11 12 13 14 | 14.3
Conjurations   | 1 2 3 4 5 7 9 11 12 13 14 | 14.8
Spellcasting   | 3 4 5 6 7 8 9 11 12 13 | 13.3
Maces & Flails | 1 2 4 5 7 8 9 |  9.2
Armour         | 4 5 6 |  6.8
Evocations     | 2 4 |  4.1
Necromancy     | 3 7 |  7.0
Dodging        | 2 3 4 |  4.3
Shields        | 7 8 9 |  9.1
Fire Magic     | 6 |  6.7
Air Magic      | 2 |  2.7
Translocations | 1 |  1.9
Transmutations | 4 |  4.1
Stealth        | |  2.1

Action                     |  1- 3 |  4- 6 |  7- 9 | 10-12 | 13-15 | 16-18 || total
---------------------------+-------+-------+-------+-------+-------+-------++-------
  Melee: Whip              |    10 |       |       |       |       |       ||    10
         Mace              |    15 |    36 |    18 |       |       |       ||    69
         Punch             |       |     1 |     3 |     4 |     1 |       ||     9
         Morningstar       |       |       |    91 |       |       |       ||    91
         Flail             |       |       |    74 |   276 |  1041 |   226 ||  1617
         Unarmed           |       |       |       |     4 |       |       ||     4
         Eveningstar       |       |       |       |       |       |   527 ||   527
  Throw: Throwing net      |       |     1 |       |       |       |       ||     1
   Cast: Sandblast         |    54 |    36 |    10 |     5 |       |     2 ||   107
         Stone Arrow       |       |    11 |   114 |   284 |   323 |    40 ||   772
         Borgnjor's Vile C |       |       |       |     2 |    67 |    30 ||    99
         Fireball          |       |       |       |       |    94 |    26 ||   120
         Orb of Destructio |       |       |       |       |    23 |    54 ||    77
         Passwall          |       |       |       |       |     1 |       ||     1
         Irradiate         |       |       |       |       |       |     1 ||     1
  Evoke: Wand              |       |       |     6 |    19 |    18 |     7 ||    50
         Box of beasts     |       |       |       |       |       |     1 ||     1
    Use: Scroll            |     4 |     3 |    19 |     5 |    10 |    11 ||    52
         Potion            |       |     6 |     1 |     5 |     9 |     7 ||    28
   Stab: Sleeping          |       |       |     1 |       |       |       ||     1
         Betrayed ally     |       |       |     1 |       |       |       ||     1
         Distracted        |       |       |       |     1 |     1 |       ||     2
         Invisible         |       |       |       |       |       |     2 ||     2
 Armour: Robe              |    14 |     7 |    86 |       |       |       ||   107
         Acid dragon scale |       |       |       |   161 |       |       ||   161
         Skin              |       |       |       |    10 |    15 |       ||    25
         Troll leather arm |       |       |       |    30 |   620 |   397 ||  1047
  Dodge: Dodged            |    34 |    38 |   193 |   332 |   817 |   411 ||  1825
  Block: Other             |       |    11 |    64 |   105 |    95 |       ||   275
         Reflection        |       |     2 |     2 |     5 |    31 |    69 ||   109
         Kite shield       |       |       |       |       |  1020 |   900 ||  1920
